 Dungeon Crawl Stone Soup version 0.28.0-53-g5a82cb258f (webtiles) character file.

Game seed: 13477585466767063556

62 issech the Chopper (level 3, -4/34 HPs)
             Began as a Minotaur Monk on May 28, 2022.
             Succumbed to an adder's poison
             ... in a sewer.
             The game lasted 00:07:00 (2041 turns).

issech the Chopper (Minotaur Monk)                  Turns: 2041, Time: 00:07:01

Health: -4/34      AC:  3    Str: 15    XL:     3   Next: 85%
Magic:  2/2        EV: 12    Int:  7    God:
Gold:   10         SH:  3    Dex: 14    Spells: 2/2 levels left

rFire   . . .      SeeInvis .   o - +2 demon blade (freeze)
rCold   . . .      Faith    .   p - +0 buckler
rNeg    . . .      Spirit   .   n - +0 leather armour
rPois   .          Reflect  .   (helmet restricted)
rElec   .          Harm     .   (no cloak)
rCorr   .          Rampage  .   (no gloves)
Will    .....                   (no boots)
Stlth   ++........              (no amulet)
HPRegen 0.11/turn               g - ring of flight
MPRegen 0.08/turn               (no ring)

@: lethally poisoned (-4 -> -28), flying
A: horns 2, retaliatory headbutt
a: no special abilities


You were in a sewer.
You visited 1 branch of the dungeon, and saw 3 of its levels.
You also visited: Sewer.

You collected 34 gold pieces.
You spent 24 gold pieces at shops.

Inventory:

Hand Weapons
 a - a +0 hand axe
 d - a +0 hunting sling
 i - a +1 whip of flaming
 j - a +0 battleaxe
 o - a +2 demon blade of freezing (weapon)
Missiles
 e - 66 stones (quivered)
Armour
 b - a +0 robe
 n - a +0 leather armour (worn)
 p - a +0 buckler (worn)
Jewellery
 g - a ring of flight (left hand)
Scrolls
 c - a scroll of summoning
 h - a scroll of amnesia {unknown}
Potions
 f - a potion of haste {unknown}
 l - a potion of lignification {unknown}
 m - a potion of heal wounds {unknown}
 q - a potion of mutation {unknown}
 r - 2 potions of curing {unknown}


   Skills:
 + Level 4.3 Fighting
 + Level 4.6 Axes
 + Level 0.2 Armour
 + Level 3.9 Dodging
 + Level 1.7 Stealth


You had 2 spell levels left.
You didn't know any spells.
Your spell library contained the following spells:

 Spells                   Type           Power      Damage    Failure   Level
 Animate Dead             Necr           0%         N/A       100%        4
 Haunt                    Necr/Summ      0%         N/A       100%        7
 Infestation              Necr           0%         N/A       100%        8


Dungeon Overview and Level Annotations

Branches:
Dungeon (3/15)              Sewer (1/1)

Altars:

Shops:
D:1 ?[

Annotations:
D:3 Pargi


Innate Abilities, Weirdness & Mutations

You have a pair of horns on your head.
You reflexively headbutt those who attack you in melee.


Message History

You block the jackal's attack. The adder bites you.
You are poisoned.
The adder poisons you! The jackal completely misses you.
The jackal closely misses you.
You closely miss the jackal.
You feel sick. The adder bites you.
You are more poisoned.
The adder poisons you! The jackal bites you.
The jackal bites you but does no damage.
The adder misses you. The jackal closely misses you. You furiously retaliate!
You headbutt the jackal, but do no damage.
You closely miss the jackal. Your headbutt misses the jackal.
You feel sick. You block the jackal's attack. You block the adder's attack.
The jackal barely misses you. The jackal closely misses you.
A frilled lizard comes into view.
The adder closely misses you. The jackal closely misses you.
You furiously retaliate!
You headbutt the jackal!
You kill the jackal!
You hit the jackal. You freeze the jackal.
You kill the jackal!
You feel sick. You block the adder's attack. The adder bites you.
You are more poisoned.
The adder poisons you!
You barely miss the adder.
You feel very sick. The adder bites you.
You are more poisoned.
The adder poisons you! You block the adder's attack. The adder bites you.
You are more poisoned.
The adder poisons you! The adder closely misses you.
You closely miss the adder.
* * * LOW HITPOINT WARNING * * *
You feel very sick. The adder barely misses you. The adder bites you.
* * * LOW HITPOINT WARNING * * *
You are more poisoned.
The adder poisons you! The adder bites you.
* * * LOW HITPOINT WARNING * * *
You are more poisoned.
The adder poisons you! The adder bites you but does no damage.
You die...

#...
#..#
##..##
#....##
##..l..#
#......#
#∩..SS.#
#.@..#
#∩..##
#####


You could see 2 adders and a frilled lizard.

Vanquished Creatures
  2 worms (D:2)
  A dart slug (D:2)
  6 endoplasms
  2 giant cockroaches (D:1)
  4 hobgoblins
  4 jackals
  2 quokkas (D:1)
  6 ball pythons
  6 bats
  4 frilled lizards
  5 goblins
  5 kobolds
  3 rats
50 creatures vanquished.

Notes
Turn   | Place    | Note
-------+----------+-------------------------------------------
     0 | D:1      | issech the Minotaur Monk began the quest for the Orb.
     0 | D:1      | Reached XP level 1. HP: 19/19 MP: 0/0
   360 | D:1      | Reached XP level 2. HP: 24/27 MP: 1/1
   502 | D:1      | Found a faded altar of an unknown god.
   527 | D:1      | Found Sufio's Magic Scroll Shop.
   536 | D:1      | Bought a scroll of identify for 24 gold pieces
   869 | D:1      | Found Builea Cini's Antique Armour Boutique.
   893 | D:1      | Reached XP level 3. HP: 27/33 MP: 2/2
  1983 | D:3      | Noticed Pargi
  2026 | D:3      | Found a glowing drain.
  2032 | Sewer    | Entered a sewer
  2040 | Sewer    | HP: 1/34 [adder (2)]
  2041 | Sewer    | Succumbed to an adder's poison

Illustrated notes

Levels and vault maps discovered:
D:1:      heliophobic_arrival_enchanted_forest, layout_basic, serial_shops,
          nicolae_shop_window_shopping, nicolae_shop_trees,
          shapermc_ecumenical_altar_pompeii, solitary_fountain
D:2:      layout_basic
D:3:      layout_basic, portal_sewer_entry_e, hangedman_decor_clover_reticule,
          minmay_tree_intersection, minmay_unequal, uniq_pargi
Sewer:    sewer_fruit_machine

Skill      XL: |  1  2 |
---------------+-------+-----
Fighting       | 4 |  4.3
Axes           | 4 |  4.6
Armour         | |  0.2
Dodging        | |  3.9
Stealth        | |  1.7

Action                   || total
-------------------------++-------
Melee: Hand axe          ||    52
       Headbutt          ||    15
       Demon blade       ||    22
       Battleaxe         ||     9
  Use: Scroll            ||     4
 Stab: Sleeping          ||     1
Armor: Robe              ||    12
       Leather armour    ||    10
Dodge: Dodged            ||    74
Block: Buckler           ||     6
